 Dungeon Crawl Stone Soup version 0.26.1-2-gb8aa6d0cf2 (webtiles) character file.

Game seed: 7181704218215027380

9734 nightchill the Slicer (level 11, -11/83 HPs)
             Began as a Vampire Necromancer on Mar 3, 2021.
             Was a Priest of Kikubaaqudgha.
             Mangled by a four-headed hydra (14 damage)
             ... on level 2 of the Lair of Beasts.
             The game lasted 01:15:01 (20426 turns).

nightchill the Slicer (Vampire Necromancer)        Turns: 20426, Time: 01:15:01

Health: -11/83     AC:  7    Str:  8    XL:     11   Next: 26%
Magic:  8/17       EV: 15    Int: 17    God:    Kikubaaqudgha [***...]
Gold:   833        SH:  0    Dex: 16    Spells: 2/19 levels left

rFire    . . .     SeeInvis +   a - +1 dagger (venom)
rCold    + . .     Faith    .   (no shield)
rNeg     . . .     Spirit   .   g - +1 robe of the Ant {rElec rC+ Str-2}
rPois    .         Reflect  .   (no helmet)
rElec    +         Harm     .   p - +1 cloak
rCorr    .         Rampage  .   s - +1 pair of gloves
Will     ++...                  (no boots)
Stlth    ++++++....             (no amulet)
HPRegen  0.43/turn              y - ring of willpower
MPRegen  0.15/turn              j - ring of stealth

@: regenerating quickly
A: fangs 3, see invisible, unbreathing
a: Exsanguinate, Renounce Religion, Receive Corpses


You were on level 2 of the Lair of Beasts.
You worshipped Kikubaaqudgha.
Kikubaaqudgha was most pleased with you.
You visited 2 branches of the dungeon, and saw 13 of its levels.

You collected 833 gold pieces.

Inventory:

Hand Weapons
 a - a +1 dagger of venom (weapon)
 b - a +7 hunting sling
 q - a +0 long sword
 w - a +1 short sword
 D - a +0 dagger of speed
 L - a +0 scimitar
Missiles
 h - 17 boomerangs
 n - 33 poisoned darts
 Q - 333 stones (quivered)
 X - 129 sling bullets
Armour
 g - the +1 robe of the Ant (worn) {rElec rC+ Str-2}
   (You took it off an orc on level 5 of the Dungeon)

   It affects your strength (-2).
   It protects you from cold.
   It insulates you from electricity.
 l - a +0 kite shield
 p - a +1 cloak (worn)
 s - a +1 pair of gloves (worn)
Magical Staves
 T - an uncursed staff of earth {unknown}
Jewellery
 j - a ring of stealth (right hand)
 u - an uncursed ring of protection from cold
 v - an uncursed ring of resist corrosion
 y - a ring of willpower (left hand)
 E - an uncursed ring of flight
 F - an uncursed amulet of regeneration {unknown}
 H - a cursed ring of ice
 M - a +4 ring of protection {unknown}
Wands
 i - a wand of acid (14)
 G - a wand of disintegration (14)
 I - a wand of digging (10)
 K - a wand of polymorph (8)
 P - a wand of enslavement (8)
 V - a wand of random effects (34)
Scrolls
 c - 6 scrolls of enchant weapon
 f - 6 scrolls of teleportation
 k - a scroll of silence {unknown}
 o - 7 scrolls of remove curse
 z - a scroll of fear
 A - a scroll of fog {unknown}
 J - 3 scrolls of magic mapping
 O - a scroll of acquirement {unknown}
 R - 2 scrolls of identify
Potions
 d - a potion of cancellation
 e - 3 potions of berserk rage
 m - 4 potions of flight
 r - 3 potions of mutation
 t - a potion of brilliance
 x - a potion of lignification
 B - a potion of haste
 C - a potion of might
 N - a potion of ambrosia {unknown}
 S - a potion of curing
 U - a potion of magic {unknown}
 W - a potion of degeneration {unknown}


   Skills:
 + Level 6.9 Fighting
 * Level 11.7 Short Blades
 + Level 4.7 Dodging
 - Level 10.6 Stealth
 + Level 4.5 Spellcasting
 + Level 9.4 Necromancy


You had 2 spell levels left.
You knew the following spells:

 Your Spells              Type           Power        Failure   Level
a - Pain                  Necr           100%         1%          1
b - Vampiric Draining     Necr           18%          1%          3
c - Animate Dead          Necr           18%          3%          4
d - Agony                 Necr           36%          9%          5
e - Dispel Undead         Necr           36%          3%          4

Your spell library contained the following spells:

 Spells                   Type           Power        Failure   Level
 Animate Skeleton         Necr           72%          1%          1
 Sublimation of Blood     Necr           18%          1%          2
 Corpse Rot               Necr/Air       N/A          3%          2
 Apportation              Tloc           6%           16%         1
 Corona                   Hex            3%           16%         1
 Magic Dart               Conj           12%          16%         1
 Summon Small Mammal      Summ           12%          16%         1
 Blink                    Tloc           N/A          22%         2
 Call Imp                 Summ           3%           22%         2
 Slow                     Hex            3%           22%         2
 Excruciating Wounds      Necr           18%          9%          5
 Conjure Flame            Conj/Fire      3%           41%         3
 Mephitic Cloud           Conj/Pois/Air  3%           41%         3
 Simulacrum               Ice/Necr       9%           97%         6
 Bolt of Magma            Conj/Fire/Erth 1%           99%         5
 Iskenderun's Battlesphe  Conj           3%           99%         5
 Iron Shot                Conj/Erth      1%           100%        6
 Orb of Destruction       Conj           1%           100%        7
 Spellforged Servitor     Conj/Summ      1%           100%        7


Dungeon Overview and Level Annotations

Branches:
Dungeon (11/15)            Temple (0/1) D:6            Lair (2/6) D:10
    Orc (0/2) D:10
  Swamp: Lair:2-4    Shoals: Lair:2-4     Snake: Lair:2-4    Spider: Lair:2-4

Altars:
Ashenzari
Fedhas
Kikubaaqudgha
Makhleb
Nemelex Xobeh
Okawaru
Trog
Vehumet
Wu Jian
Xom
Yredelemnul
Zin

Shops:
D:5 [   D:9 [

Annotations:
D:2 exclusion: 2 downstairs
D:3 exclusion: downstairs
D:5 exclusion: downstairs
D:6 exclusion: downstairs
D:7 2 transporters, antidepressant22's ghost, novice HOMo
D:8 1 runed translucent door, Danetta's ghost, journeyman GnVM
D:9 exclusion: downstairs
Lair:1 exclusion: downstairs


Innate Abilities, Weirdness & Mutations

Your natural rate of healing is unusually fast.
You have razor-sharp teeth.
You have supernaturally acute eyesight. (SInv)
You can survive without breathing.


Message History

The four-headed hydra barely misses you.
The four-headed hydra bites you!
* * * LOW HITPOINT WARNING * * *
The four-headed hydra bites you.
* * * LOW HITPOINT WARNING * * *
The four-headed hydra closely misses you.
Casting: Vampiric Draining (safe; 1% risk of failure)
Confirm with . or Enter, or press ? or * to list all spells.
Aiming: Vampiric Draining (safe; 1% risk of failure)
Press: ? - help, Shift-Dir - straight line, f/p - four-headed hydra
Aim: a four-headed hydra (moderately wounded)
The four-headed hydra is heavily wounded.
You feel life coursing into your body. The four-headed hydra bites you!
* * * LOW HITPOINT WARNING * * *
The four-headed hydra bites you but does no damage.
The four-headed hydra bites you!
* * * LOW HITPOINT WARNING * * *
The four-headed hydra bites you!
You die...
Kikubaaqudgha rasps: "You have failed me!
Welcome... death!"

#.# ###..... #.##.#.....
#### #.......... #...##
#.......... #.....######
#..........
#........PP####.........
#.>.........P..#........
#.....D....[...#........
#......@.รท..............
###..)...............#..
##.##................. ##
#####.............
####..........
#.####...... ## ###....
##... #...


You could see a four-headed hydra.

Vanquished Creatures
  Fannar (Lair:2)
  Joseph (D:7)
  A centaur skeleton (D:10)
  A kobold demonologist (D:10)
  2 cane toads (Lair:1)
  A komodo dragon (Lair:1)
  A hornet (D:9)
  11 yaks
  A wraith (D:10)
  2 wargs
  A water moccasin (Lair:1)
  7 orc warriors
  3 black bears
  2 sky beasts
  A necrophage (D:7)
  2 phantoms
  6 ogres
  4 centaurs
  6 bullfrogs
  5 scorpions
  A wyvern skeleton (D:7)
  8 killer bees
  6 wights
  An electric eel (D:10)
  A jelly (D:10)
  A quasit (D:9)
  3 bullfrog zombies
  6 hounds
  5 orc priests
  11 orc wizards
  A gnoll shaman (D:6)
  2 bullfrog skeletons
  3 iguanas
  8 worker ants
  A hound skeleton (D:9)
  2 howler monkey zombies
  10 gnolls
  14 adders
  2 white imps
  4 ufetubi
  2 oozes (D:1)
  An adder skeleton (D:9)
  6 worms
  10 leopard geckos
  49 orcs
  4 giant cockroaches
  2 goblins
  5 hobgoblins
  6 jackals
  6 quokkas
  5 bats
  7 frilled lizards
  A jackal zombie (D:7)
  7 kobolds
  A leopard gecko skeleton (D:8)
  13 rats
274 creatures vanquished.

Vanquished Creatures (others)
  A fungus (D:8)
  12 plants
13 creatures vanquished.

Grand Total: 287 creatures vanquished

Notes
Turn   | Place    | Note
-------+----------+-------------------------------------------
     0 | D:1      | nightchill the Vampire Necromancer began the quest for the
                  | Orb.
     0 | D:1      | Reached XP level 1. HP: 13/13 MP: 3/3
   264 | D:1      | Reached skill level 1 in Short Blades
   264 | D:1      | Reached XP level 2. HP: 20/20 MP: 5/5
   832 | D:1      | Reached XP level 3. HP: 12/25 MP: 1/6
  1004 | D:1      | Reached skill level 1 in Fighting
  1226 | D:2      | Learned a level 3 spell: Vampiric Draining
  1312 | D:2      | Reached skill level 2 in Short Blades
  1329 | D:2      | Found a basalt altar of Yredelemnul.
  1793 | D:2      | Found a faded altar of an unknown god.
  2145 | D:3      | Reached XP level 4. HP: 29/32 MP: 3/7
  2808 | D:2      | Reached skill level 3 in Short Blades
  2968 | D:3      | Reached skill level 5 in Necromancy
  2968 | D:3      | Reached XP level 5. HP: 34/37 MP: 4/8
  3551 | D:3      | Learned a level 4 spell: Animate Dead
  3802 | D:3      | Noticed a moth of wrath
  3807 | D:3      | Found a bloodstained altar of Trog.
  4088 | D:4      | Reached skill level 5 in Stealth
  4122 | D:4      | Noticed an ogre
  4325 | D:4      | Reached skill level 4 in Short Blades
  4325 | D:4      | Reached XP level 6. HP: 40/44 MP: 9/9
  5147 | D:5      | Entered Level 5 of the Dungeon
  5181 | D:5      | Noticed a sky beast
  5196 | D:5      | Killed a sky beast
  5197 | D:5      | Reached skill level 5 in Short Blades
  5197 | D:5      | Reached XP level 7. HP: 49/51 MP: 0/10
  5284 | D:5      | Found an iron altar of Okawaru.
  5285 | D:5      | Found a broken altar of Ashenzari.
  5291 | D:5      | Found a blossoming altar of Fedhas.
  5292 | D:5      | Found a bloodstained altar of Trog.
  5293 | D:5      | Found a radiant altar of Vehumet.
  5295 | D:5      | Found a burning altar of Makhleb.
  5296 | D:5      | Found a glowing silver altar of Zin.
  5503 | D:5      | Found a shimmering altar of Xom.
  5503 | D:5      | Found an ancient bone altar of Kikubaaqudgha.
  5507 | D:5      | Became a worshipper of Kikubaaqudgha
  5581 | D:5      | Found Tevvakun's Armour Shop.
  5595 | D:5      | Identified the +1 robe of the Ant {rElec rC+ Str-2}
  6197 | D:5      | Found a sparkling altar of Nemelex Xobeh.
  6400 | D:5      | Reached skill level 6 in Short Blades
  6904 | D:5      | Reached XP level 8. HP: 40/58 MP: 4/11
  7229 | D:6      | Found a staircase to the Ecumenical Temple.
  7309 | D:6      | Reached * piety under Kikubaaqudgha
  7309 | D:6      | Identified Kikubaaqudgha's Compendium of Evil Secrets
                  | (Kikubaaqudgha gifted it to you on level 6 of the Dungeon)
  7309 | D:6      | Received a gift from Kikubaaqudgha
  7829 | D:6      | Reached skill level 7 in Short Blades
  8697 | D:7      | Found a glowing silver altar of Zin.
  8895 | D:7      | Noticed Joseph
  9100 | D:7      | Killed Joseph
  9101 | D:7      | Reached skill level 8 in Short Blades
  9101 | D:7      | Reached XP level 9. HP: 66/66 MP: 12/12
  9394 | D:7      | Found a transporter.
  9395 | D:7      | Noticed antidepressant22's ghost (novice HOMo)
  9695 | D:7      | Found a transporter.
 10221 | D:7      | Reached skill level 5 in Fighting
 10762 | D:8      | Learned a level 5 spell: Agony
 10777 | D:8      | Found a runed translucent door.
 10886 | D:8      | Noticed Danetta's ghost (journeyman GnVM)
 10927 | D:8      | Found an ornate altar of the Wu Jian Council.
 11055 | D:8      | Identified the +7 spear "Ogaserr" {speed, Will+}
 11157 | D:7      | Reached skill level 9 in Short Blades
 11279 | D:8      | Reached ** piety under Kikubaaqudgha
 12385 | D:9      | Reached skill level 10 in Stealth
 12747 | D:9      | Got a faintly humming leather armour
 12782 | D:8      | Identified the cursed +0 leather armour of Jixofaur {Str-5
                  | Int+6 Slay+3} (You found it on level 9 of the Dungeon)
 12949 | D:9      | Reached XP level 10. HP: 46/75 MP: 7/15
 13312 | D:9      | Found Xiamol's Antique Armour Boutique.
 13430 | D:9      | You fall into a shaft and drop 2 floors!
 13436 | D:10     | Entered Level 10 of the Dungeon
 13592 | D:10     | Reached skill level 10 in Short Blades
 16841 | D:10     | Found a staircase to the Lair.
 16882 | D:9      | Reached *** piety under Kikubaaqudgha
 16882 | D:9      | Identified Kikubaaqudgha's Guide on Darkness (Kikubaaqudgha
                  | gifted it to you on level 9 of the Dungeon)
 16882 | D:9      | Received a gift from Kikubaaqudgha
 17148 | D:9      | Reached skill level 11 in Short Blades
 17634 | D:10     | Found a staircase to the Orcish Mines.
 17904 | Lair:1   | Entered Level 1 of the Lair of Beasts
 18059 | Lair:1   | Found a gate leading to a gauntlet.
 18605 | Lair:1   | Noticed a cane toad
 18612 | Lair:1   | Killed a cane toad
 19440 | Lair:1   | Reached XP level 11. HP: 30/83 MP: 0/17
 19568 | Lair:1   | Learned a level 5 spell: Excruciating Wounds
 19590 | Lair:2   | Noticed Fannar
 19594 | Lair:2   | Killed Fannar
 20011 | D:10     | Learned a level 4 spell: Dispel Undead
 20312 | Lair:2   | Noticed a four-headed hydra
 20426 | Lair:2   | HP: 3/83 [four-headed hydra (13)]
 20426 | Lair:2   | Mangled by a four-headed hydra

Illustrated notes

Levels and vault maps discovered:
D:1:      amcnicky_arrival_blooded_trapdoor, layout_loops_ring
D:2:      layout_basic, yredelemnul_altar_generic,
          chequers_ecumenical_altar_lobes, kennysheep_generic_room_13
D:3:      layout_basic, minmay_door_square, hangedman_decor_slide_cut,
          minmay_misc_feat_ornament, tgw_trog
D:4:      layout_basic
D:5:      layout_basic, nemelex_altar_shiori, gammafunk_temple_overflow_wave,
          minitemple, serial_shops, nicolae_shop_statue_plus
D:6:      layout_basic, minmay_temple_entry_glassed_door
D:7:      hangedman_cross_stitches, layout_loops_corners,
          gammafunk_ghost_stat_death, amcnicky_altar_gilded, uniq_joseph
D:8:      layout_layer_cave, nicolae_overflow_crystal_walls,
          ebering_ghost_funeral_grove
D:9:      layout_layer_cave, serial_shops, shop
D:10:     layout_loops_ring, erik_lair_orcish_takeover, erik_orc_2
D:11:     layout_cave_pods
Lair:1:   layout_regular_city, gauntlet_entry_generic,
          grunt_forest_small_clearings
Lair:2:   layout_hall_layers, skrybe_swamp_entry_bodies,
          grunt_forest_stairs_basic, grunt_megastairs_1, uniq_fannar

Skill      XL: |  1  2  3  4  5  6  7  8  9 10 |
---------------+-------------------------------+-----
Short Blades   | 1 2 3 4 5 6 8 9 11 | 11.7
Fighting       | 1 2 3 4 5 6 |  6.9
Stealth        | 4 5 6 7 8 10 | 10.6
Necromancy     | 5 6 7 8 9 |  9.4
Spellcasting   | 3 4 |  4.5
Dodging        | 4 |  4.7

Action                   |  1- 3 |  4- 6 |  7- 9 | 10-12 || total
-------------------------+-------+-------+-------+-------++-------
Melee: Short sword       |    90 |   228 |   629 |    28 ||   975
       Bite              |    10 |    17 |    71 |    45 ||   143
       Dagger            |       |       |       |   348 ||   348
 Fire: Hunting sling     |       |       |       |    94 ||    94
Throw: Stone             |       |       |       |     1 ||     1
 Cast: Pain              |    35 |    21 |    26 |     9 ||    91
       Vampiric Draining |     4 |    17 |    44 |    47 ||   112
       Animate Dead      |       |       |     3 |     3 ||     6
       Agony             |       |       |     4 |     2 ||     6
       Excruciating Woun |       |       |       |     3 ||     3
 Abil: Exsanguinate      |       |       |     1 |       ||     1
       Revivify          |       |       |     1 |       ||     1
Evoke: Wand              |       |       |     4 |     8 ||    12
  Use: Scroll            |       |    13 |     7 |     1 ||    21
       Potion            |       |       |     3 |     3 ||     6
 Stab: Sleeping          |     5 |     4 |    26 |     4 ||    39
       Distracted        |       |       |     2 |     1 ||     3
       Paralysed         |       |       |     2 |       ||     2
Armor: Leather armour    |    23 |    33 |    13 |       ||    69
       Robe              |       |       |   123 |    69 ||   192
Dodge: Dodged            |    63 |   152 |   379 |   210 ||   804
